 Dungeon Crawl Stone Soup version 0.31-a0-175-g9f7f995f2b (webtiles) character file.

Game seed: 8781979038449226479

90 mopl the Magician (level 4, -9/24 (27) HPs)
             Began as an Octopode Hedge Wizard on June 16, 2023.
             Mangled by a small abomination (14 damage)
             ... created by the touch of Lugonu
             ... on level 3 of the Dungeon.
             The game lasted 00:03:43 (1890 turns).

mopl the Magician (Octopode Hedge Wizard)           Turns: 1890, Time: 00:03:44

HP:   -9/24 (27)    AC:  1    Str:  9    XL:     4   Next: 56%
MP:   9/9           EV: 13    Int: 18    God:
Gold: 69            SH:  0    Dex: 11    Spells: 4/10 levels left

rFire   . . .        a - +0 dagger
rCold   . . .        (no shield)
rNeg    . . .        b - +0 hat
rPois   .            (no amulet)
rElec   .            (no ring)
rCorr   .            (no ring)
SInv    .            (no ring)
Will    .....        (no ring)
Stlth   +++          (no ring)
HPRegen 0.24/turn    (no ring)
MPRegen 0.11/turn    (no ring)
                     (no ring)

%: no passive effects
@: slowed, heavily drained, very slow
A: almost no armour, amphibious, 8 rings, camouflage 1, gelatinous body 1,
(nimble swimmer 1), tentacles
a: no special abilities


You were on level 3 of the Dungeon.
You visited 1 branch of the dungeon, and saw 3 of its levels.

You collected 69 gold pieces.

Inventory:

Hand Weapons
 a - a +0 dagger (weapon)
Missiles
 e - 3 boomerangs
 h - 3 poisoned darts
Armour
 b - a +0 hat (worn)
Scrolls
 d - 3 scrolls of teleportation {unknown}
 f - 2 scrolls of identify {unknown}
 j - a scroll of noise {unknown}
 k - a scroll of immolation {unknown}
 l - a scroll of revelation {unknown}
 n - a scroll of fog {unknown}
Potions
 c - a potion of magic
 g - a potion of mutation {unknown}
 i - a potion of enlightenment {unknown}
 m - a potion of curing {unknown}


   Skills:
 - Level 2.0 Dodging
 - Level 2.6 Stealth
 + Level 3.7 Spellcasting
 + Level 2.4 Conjurations
 - Level 1.0 Summonings
 + Level 2.4 Translocations


You had 4 spell levels left.
You knew the following spells:

 Your Spells              Type           Power      Damage    Failure   Level
a - Magic Dart            Conj           48%        1d5       5%          1
c - Mephitic Cloud        Conj/Pois/Air  6%         N/A       32%         3
e - Blink                 Tloc           24%        N/A       9%          2

Your spell library contained the following spells:

 Spells                   Type           Power      Damage    Failure   Level
 Slow                     Hex            12%        N/A       16%         1
 Call Imp                 Summ           14%        N/A       16%         2
 Cigotuvi's Dreadful Rot  Necr/Pois/Air  6%         N/A       22%         2


Dungeon Overview and Level Annotations

Branches:
Dungeon (3/15)

Altars:
Nemelex Xobeh


Innate Abilities, Weirdness & Mutations

You cannot wear most types of armour.
You are amphibious.
You can wear up to eight rings at the same time.
Your skin changes colour to match your surroundings (Stealth+).
Your rubbery body absorbs attacks. (AC +1, EV +1)
((You are camouflaged when in or above water. (Stealth+)))
You have tentacles for arms and can constrict up to eight enemies at once.


Message History

The magic dart hits the adder.
The adder is lightly wounded.
The adder hisses angrily.
The magic dart hits the adder.
The adder is moderately wounded.
The magic dart hits the adder.
The adder is heavily wounded.
The magic dart hits the adder.
The adder is severely wounded.
The magic dart hits the adder.
You kill the adder!
No target in view!
No target in view!
You start resting.
HP restored.
You start resting.
Nemelex Xobeh makes you draw from the deck of Punishment.
You draw a card...
You have drawn Wrath.
Lugonu sends minions to punish you.
The divine experience drains your vigour!
You feel yourself slow down.
A small abomination and a large abomination come into view.
The small abomination attacks as you move away!
The small abomination closely misses you.
The small abomination misses you.
There is a stone staircase leading down here.
The small abomination hits you!
You climb downwards.
Found a twisted ivory ring and a spear.
Found a stone staircase leading down.
There is a stone staircase leading up here.
The small abomination hits you!
Ouch! That really hurt!
* * * LOW HITPOINT WARNING * * *
There is a stone staircase leading down, spattered with blood here.
You barely miss the small abomination.
Your squeeze misses the small abomination.
The small abomination barely misses you.
The small abomination hits you!
Ouch! That really hurt!
You die...

## #. ####.
###....####.#
......)@x=.#
###.#####.##
##


You could see a small abomination.

Vanquished Creatures
  Robin (D:2)
  2 adders (D:2)
  A gnoll (D:1)
  2 dart slugs
  A ball python (D:2)
  2 bats
  An endoplasm (D:1)
  11 goblins
  9 hobgoblins
  4 jackals (D:1)
  2 frilled lizards
  4 kobolds
  3 rats
43 creatures vanquished.

Notes
Turn   | Place    | Note
-------+----------+-------------------------------------------
     0 | D:1      | mopl the Octopode Hedge Wizard began the quest for the Orb.
     0 | D:1      | Reached XP level 1. HP: 11/11 MP: 4/4
    68 | D:1      | Found a faded altar of an unknown god.
   153 | D:1      | Prayed at the altar of an unknown god.
   153 | D:1      | Became a worshipper of Nemelex Xobeh the Trickster
   153 | D:1      | Reached * piety under Nemelex Xobeh
   309 | D:1      | Fell from the grace of Nemelex Xobeh
   453 | D:1      | Reached XP level 2. HP: 17/17 MP: 0/6
   563 | D:1      | Reached XP level 3. HP: 15/21 MP: 1/7
   625 | D:1      | Learned a level 2 spell: Blink
   629 | D:1      | Learned a level 3 spell: Mephitic Cloud
  1007 | D:2      | Reached skill level 2 in Translocations
  1050 | D:2      | Reached skill level 2 in Conjurations
  1070 | D:2      | Noticed Robin
  1091 | D:2      | Reached XP level 4. HP: 11/27 MP: 7/9
  1458 | D:2      | Killed Robin
  1883 | D:2      | Noticed a small abomination
  1883 | D:2      | Noticed a large abomination
  1890 | D:3      | Mangled by a small abomination

Illustrated notes

Levels and vault maps discovered:
D:1:      saegor_arrival_simple_b, layout_basic, ebering_ecumenical_altar_webs,
          corexii_item_surrounded_by_moat, nicolae_grassy_gnolls
D:2:      layout_rooms, corexii_item_surrounded_by_moat,
          minmay_misc_feat_plants, grunt_decor_fettered, uniq_robin
D:3:      minmay_skewed_foursquare, layout_loops_ring

Skill      XL: |  1  2  3 |
---------------+----------+-----
Translocations | 2 |  2.4
Conjurations   | 2 |  2.4
Dodging        | |  2.0
Stealth        | |  2.6
Spellcasting   | |  3.7
Summonings     | |  1.0

Action                     |  1- 3 |  4- 6 || total
---------------------------+-------+-------++-------
  Melee: Dagger            |    61 |     6 ||    67
         Tentacles         |    16 |     1 ||    17
         Constrict         |    18 |     2 ||    20
   Cast: Magic Dart        |    21 |    38 ||    59
 Invoke: Renounce Religion |     1 |       ||     1
   Stab: Sleeping          |     2 |       ||     2
 Armour: Skin              |     3 |     1 ||     4
  Dodge: Dodged            |    30 |    19 ||    49

Table legend: (Time is in decaauts)
 A = Elapsed time spent in this place.
 B = Non-inter-level travel time spent in this place.
 C = Inter-level travel time spent in this place.
 D = Time resting spent in this place.
 E = Time spent auto-exploring this place.
 F = Levels seen in this place.
 G = Mean time per level.
                   A        B        C        D        E       F      G
               +--------+--------+--------+--------+--------+-----+--------+
         Total |   1901 |   1872 |     29 |    516 |    971 |   3 |  633.7 |
       Dungeon |   1901 |   1872 |     29 |    516 |    971 |   3 |  633.7 |
               +--------+--------+--------+--------+--------+-----+--------+

Top non-repeatable levels by time:
     D:1: 1241 daAuts
     D:2: 657 daAuts
     D:3: 2 daAuts
